 Dungeon Crawl Stone Soup version 0.22-a0-533-g4d20840e7c (webtiles) character file.

246353 Niddhogr the Unseen (level 20, -16/162 HPs)
             Began as a Formicid Fighter on June 22, 2018.
             Was an Initiate of Gozag.
             Killed from afar by a starcursed mass (18 damage)
             ... with an accursed screaming
             ... on level 3 of the Abyss.
             The game lasted 02:32:28 (41331 turns).

Niddhogr the Unseen (Formicid Fighter)             Turns: 41331, Time: 02:32:29

Health: -16/162    AC: 24    Str: 26    XL:     20   Next: 77%
Magic:  23/23      EV: 20    Int:  9    God:    Gozag
Gold:   2752       SH: 10    Dex: 19    Spells: 36/39 levels left

rFire    + . .     SeeInvis +   c - +0 demon trident (elec)
rCold    + + .     Gourm    .   P - +0 buckler {rC+}
rNeg     . . .     Faith    .   h - +7 chain mail of the Devil's Team {+Blink Slay+3}
rPois    +         Spirit   .   (helmet unavailable)
rElec    +         Reflect  +   U - +0 cloak "Qiqorai" {Str+2} (curse)
rCorr    +         Harm     .   O - +1 pair of gloves "Cacwint" {Regen+ Dex+2 SInv}
MR       ++...                  M - +2 pair of boots {run}
Stlth    ++++++....             t - +2 amulet of reflection
HPRegen  0.00/turn              r - ring of stealth
MPRegen  0.18/turn              p - ring of poison resistance

@: mighty, agile, resistant, studying Polearms, quick
A: permanent stasis, dig shafts and tunnels, four strong arms, antennae 3,
[blurry vision 2], [clumsy 2], [deformed body], [deterioration 2], [low mp 3],
[inhibited regeneration], [weak 2], [subdued magic 2]
}: 1/15 runes: gossamer
a: Dig, Shaft Self, Potion Petition, Call Merchant, Bribe Branch, Renounce
Religion


You were on level 3 of the Abyss.
You worshipped Gozag.
Gozag was most pleased with you.
You were not hungry.

You visited 6 branches of the dungeon, and saw 31 of its levels.
You visited the Abyss 1 time.
You also visited: Ossuary and Ice Cave.

You collected 12394 gold pieces.
You spent 4097 gold pieces at shops.
You paid 5545 gold pieces to Gozag.

Inventory:

Hand Weapons
 c - a +0 demon trident of electrocution (weapon)
 J - the +8 lance "Wyrmbane" {slay drac, rPois rF+ rC+ AC+3}
   (You found it on level 13 of the Dungeon)

   It affects your AC (+3).
   It protects you from fire.
   It protects you from cold.
   It protects you from poison.
 N - a +2 bardiche of protection
Missiles
 K - 2 throwing nets (quivered)
 Y - 5 poisoned javelins
Armour
 h - the +7 chain mail of the Devil's Team (worn) {+Blink Slay+3}
   (You found it on level 2 of the Spider Nest)

   It affects your accuracy and damage with ranged weapons and melee attacks
   (+3).
   It lets you blink.
 k - a +2 pair of boots of flying
 M - a +2 pair of boots of running (worn)
 O - the +1 pair of gloves "Cacwint" (worn) {Regen+ Dex+2 SInv}
   (You bought it in a shop on level 5 of the Dungeon)

   It affects your dexterity (+2).
   It lets you see invisible.
   It increases your rate of regeneration.
 P - a +0 buckler of cold resistance (worn)
 U - the cursed +0 cloak "Qiqorai" (worn) {Str+2}
   (You bought it in a shop on level 5 of the Lair of Beasts)

   It affects your strength (+2).
   It has a curse placed upon it.
Jewellery
 b - an uncursed ring of fire {unknown}
 p - a ring of poison resistance (right hand)
 r - a ring of stealth (left hand)
 t - a +2 amulet of reflection (around neck)
 C - the ring of Jocem {Wiz rElec MR+ Dex-2 Slay+5, unknown}
   (You took it off a deep elf annihilator on level 3 of the Elven Halls)

   [ring of wizardry]

   It improves your spell success rate.
   It affects your dexterity (-2).
   It affects your accuracy and damage with ranged weapons and melee attacks
   (+5).
   It insulates you from electricity.
   It affects your resistance to hostile enchantments.
 Q - an uncursed ring of resist corrosion
 T - the ring "Soeplow" {Ice MR+ SInv Stlth+}
   (You found it on level 3 of the Lair of Beasts)

   [ring of ice]

   It enhances your ice magic.
   It makes you vulnerable to fire.
   It protects you from cold.
   It affects your resistance to hostile enchantments.
   It lets you see invisible.
   It makes you more stealthy.
Wands
 u - a wand of disintegration (18)
 y - a wand of polymorph (25)
 D - a wand of acid (13)
 E - a wand of iceblast (3)
 G - a wand of scattershot (3)
 S - a wand of paralysis (15)
Scrolls
 j - 13 scrolls of remove curse
 m - 3 scrolls of fear
 n - 6 scrolls of immolation
 q - 8 scrolls of identify
 s - 6 scrolls of enchant weapon
 w - 6 scrolls of amnesia
 x - 5 scrolls of fog
 B - 4 scrolls of enchant armour
 F - 3 scrolls of magic mapping
 L - 2 scrolls of torment
 W - 2 scrolls of vulnerability
Potions
 g - 4 potions of flight
 i - 4 potions of mutation
 l - 6 potions of resistance
 o - 4 potions of brilliance
 v - 3 potions of curing
 z - 2 potions of cancellation
 A - 5 potions of magic
 R - 6 potions of ambrosia
 V - 2 potions of lignification
 Z - a potion of might
Books
 e - a manual of Polearms
Miscellaneous
 a - a lamp of fire
 d - a phantom mirror
 X - a phial of floods
Comestibles
 f - 23 rations


   Skills:
 - Level 15.0 Fighting
 + Level 17.2 Polearms
 - Level 15.0 Armour
 - Level 8.9 Dodging
 + Level 19.2 Stealth
 - Level 12.6 Shields
 - Level 10.0 Spellcasting
 - Level 12.3 Hexes
 - Level 7.0 Charms
 - Level 6.3 Evocations


You had 36 spell levels left.
You knew the following spells:

 Your Spells              Type           Power        Failure   Level  Hunger
a - Spectral Weapon       Hex/Chrm       ##......     1%          3    ##.....

Your spell library contained the following spells:

 Spells                   Type           Power        Failure   Level  Hunger
 Cause Fear               Hex            ###.......   1%          4    ####...
 Magic Dart               Conj           #...         41%         1    None
 Apportation              Tloc           #.....       41%         1    None
 Conjure Flame            Conj/Fire      #.......     80%         3    ##.....
 Bolt of Magma            Conj/Fire/Erth #.........   100%        5    ######.
 Slow                     Hex            ###.....     1%          2    #......
 Confuse                  Hex            ###.....     1%          3    ##.....
 Freezing Cloud           Conj/Ice/Air   #.........   100%        6    #######
 Mephitic Cloud           Conj/Pois/Air  #.......     80%         3    ##.....
 Ring of Flames           Chrm/Fire      #.........   100%        7    #######
 Summon Small Mammal      Summ           #...         41%         1    None
 Bolt of Draining         Conj/Necr      #.........   100%        5    ######.
 Lehudib's Crystal Spear  Conj/Erth      #.........   100%        8    #######
 Fire Storm               Conj/Fire      #.........   100%        9    #######
 Blink                    Tloc           N/A          54%         2    #......
 Iskenderun's Mystic Bla  Conj           #.......     99%         4    ####...
 Animate Dead             Necr           N/A          99%         4    ####...
 Pain                     Necr           #...         41%         1    None
 Animate Skeleton         Necr           N/A          41%         1    None
 Vampiric Draining        Necr           #.........   80%         3    ##.....
 Summon Ice Beast         Ice/Summ       #.......     99%         4    ####...
 Call Imp                 Summ           #.......     54%         2    #......
 Dispel Undead            Necr           #.......     100%        5    ######.
 Poison Arrow             Conj/Pois      #.........   100%        6    #######
 Regeneration             Chrm/Necr      #.........   28%         3    ##.....
 Sublimation of Blood     Necr           #.........   54%         2    #......
 Corpse Rot               Necr           N/A          54%         2    #......
 Iron Shot                Conj/Erth      #.........   100%        6    #######
 Agony                    Necr           #.......     100%        5    ######.
 Statue Form              Tmut/Erth      #........    100%        6    #######
 Deflect Missiles         Chrm/Air       #.........   100%        6    #######
 Glaciate                 Conj/Ice       #.........   100%        9    #######
 Confusing Touch          Hex            ###...       1%          1    None
 Call Canine Familiar     Summ           #.......     80%         3    ##.....
 Metabolic Englaciation   Hex/Ice        #.........   69%         5    ######.
 Silence                  Hex/Air        #.........   69%         5    ######.
 Shatter                  Erth           #.........   100%        9    #######
 Corona                   Hex            ###....      1%          1    None
 Conjure Ball Lightning   Conj/Air       #.........   100%        6    #######
 Chain Lightning          Conj/Air       #.........   100%        8    #######
 Excruciating Wounds      Chrm/Necr      #.........   97%         5    ######.
 Portal Projectile        Hex/Tloc       #.....       10%         3    ##.....
 Petrify                  Tmut/Erth      #.......     99%         4    ####...
 Tornado                  Air            #.........   100%        9    #######
 Leda's Liquefaction      Hex/Erth       #.........   32%         4    ####...
 Shroud of Golubria       Chrm/Tloc      #.........   14%         2    #......
 Inner Flame              Hex/Fire       #.......     10%         3    ##.....
 Fulminant Prism          Conj/Hex       #.........   32%         4    ####...
 Dazzling Spray           Conj/Hex       #.....       10%         3    ##.....
 Force Lance              Conj/Tloc      #.......     99%         4    ####...
 Infusion                 Chrm           ##..         1%          1    None
 Song of Slaying          Chrm           ##......     2%          2    #......
 Searing Ray              Conj           #.....       54%         2    #......
 Summon Lightning Spire   Summ/Air       #.......     99%         4    ####...
 Summon Guardian Golem    Hex/Summ       #.......     10%         3    ##.....
 Gell's Gravitas          Tloc           #.........   80%         3    ##.....
 Yara's Violent Unravell  Hex/Tmut       #.........   69%         5    ######.
 Poisonous Vapours        Pois/Air       #.....       54%         2    #......


Dungeon Overview and Level Annotations

Branches:
Dungeon (15/15)            Temple (1/1) D:5            Lair (6/6) D:8
 Shoals (0/4) Lair:3       Spider (4/4) Lair:2        Slime (0/5) Lair:5
    Orc (2/2) D:12            Elf (3/3) Orc:2        Vaults (0/5) D:13
 Depths (0/5) D:15

Altars:
Cheibriados
Dithmenos
Gozag
Hepliaklqana
Kikubaaqudgha
Makhleb
Nemelex Xobeh
Okawaru
Qazlal
Ru
Trog
Vehumet
Wu Jian
Xom
Yredelemnul
Zin
The Shining One
Beogh

Shops:
D:5 [!   D:6 (   D:11 [   D:12 [   D:13 *   Orc:2 :*[(   Elf:2 [   Lair:3 (
Lair:5 [   Spider:2 *

Annotations:
D:11 Snorg
D:14 3 runed doors, Zanem's ghost, journeyman GrBe
Spider:2 3 runed doors, Ziggiyzu's ghost, adept MiBe


Innate Abilities, Weirdness & Mutations

You cannot be hasted, slowed, berserked, paralysed or teleported.
You can dig through walls and to a lower floor.
Your four strong arms can wield two-handed weapons with a shield.
You have a pair of large antennae on your head. (SInv)
[Scrolls take you longer to read.]
[You are very clumsy. (Dex -4)]
[Armour fits poorly on your strangely shaped body.]
[Your body often deteriorates upon taking damage.]
[Your magical capacity is extremely low. (-30% MP)]
[You do not regenerate when monsters are visible.]
[You are very weak. (Str -4)]
[Your spells are easier to cast, but less powerful.]


Message History

You hear an angry hiss.
You block the starcursed mass's attack.
A starcursed mass splits.
A cacophony of accursed wailing tears at your sanity!
* * * LOW HITPOINT WARNING * * *
Your stasis prevents you from being paralysed.
The starcursed mass completely misses you.
A starcursed mass splits.
The starcursed mass misses you.
The spatial maelstrom barely misses you.
You block the spatial maelstrom's attack.
Unknown command.
Unknown command.
A starcursed mass splits.
A starcursed mass splits.
You hear an angry hiss.
A glowing orange brain and a neqoxec come into view.
A spatial vortex comes into view.
An ogre mage comes into view. It is wielding a halberd.
A cacophony of accursed wailing tears at your sanity!
You die...
Your body crumbles into a pile of gold.

.#. O.. ...... .. ..#
#.... ..# . ... #...
..#.. ... ##.## .G..
....##...###..#.
#..#.....#...## . ..#
###...v...@....#. #. .
#......XXv...≈..... . .
..#.XXXX.#####3... ..
#.....XXX{. .#####. ..
#.....)X..{v........ #
#..#..XX....{{..v......
.....#≈.≈.$$.........
.. ##....##.##.........
..
..#...#..#..###...... .


You could see 11 starcursed masses, a spatial maelstrom, a glowing orange brain
(wandering), an ogre mage (wandering), a spatial vortex (wandering), a large
abomination and a neqoxec (wandering).

Vanquished Creatures
  Arachne (Spider:2)
  3 deep elf blademasters
  Kirke (Spider:4)
  Agnes (Spider:1)
  2 deep elf sorcerers (Elf:3)
  4 ghost moths (Spider:4)
  4 emperor scorpions
  An orc warlord (Orc:2)
  6 deep elf elementalists (Elf:3)
  A reaper (IceCv)
  An entropy weaver (Spider:2)
  2 deep elf demonologists
  6 deep elf annihilators
  4 slime creatures (D:15)
  3 spark wasps
  The ghost of Sesay the Severer, a journeyman HOMo of Beogh (Lair:3)
  A blizzard demon (Abyss:3)
  4 deep elf death magi (Elf:3)
  Josephine (Lair:5)
  8 vault guards (D:13)
  8 hydras
  3 death knights
  3 centaur warriors
  A catoblepas (D:13)
  4 death yaks
  12 two-headed ogres
  A queen ant (Lair:2)
  2 orc high priests (Orc:2)
  Urug (D:14)
  21 deep elf knights
  2 skeletal warriors (D:15)
  2 wretched stars (Abyss:3)
  2 unseen horrors
  2 lindwurms (Lair:6)
  4 orc knights
  A phantasmal warrior (D:15)
  14 deep elf archers
  A necromancer (D:15)
  5 oklob plants
  37 wolf spiders
  23 orb spiders
  2 cyclopes
  20 ugly things
  8 orc sorcerers
  57 deep elf magi
  7 black mambas
  3 manticores
  2 ice statues (IceCv)
  A stone giant skeleton (D:15)
  12 elephants
  A guardian serpent (shapeshifter) (D:14)
  2 large abominations (Abyss:3)
  3 centaur skeletons
  5 torpor snails
  13 spiny frogs
  A hellion (Abyss:3)
  3 kobold demonologists
  8 demonic crawlers
  7 komodo dragons
  6 rime drakes
  6 yaktaurs
  A yaktaur zombie (D:15)
  9 ice devils
  9 trolls
  53 jumping spiders
  10 polar bears
  12 hornets
  17 blink frogs
  2 dream sheep (Lair:6)
  Sigmund (D:5)
  7 hippogriffs
  A centaur simulacrum (D:15)
  35 yaks
  5 wraiths
  29 tarantellas
  An air elemental (Elf:3)
  A vampire (D:10)
  76 redbacks
  2 shadows
  A water elemental (Elf:3)
  A wyvern (Lair:4)
  A fire bat (Abyss:3)
  2 hungry ghosts
  A fire elemental (Elf:1)
  An ettin skeleton (D:15)
  A human (D:8)
  5 hogs
  4 basilisks
  3 vampire mosquitoes (D:14)
  A neqoxec (Abyss:3)
  11 wargs
  A tengu zombie (D:15)
  16 soldier ants
  Duvessa (D:5)
  13 water moccasins
  15 hell hounds (Lair:6)
  9 porcupines
  30 orc warriors
  12 black bears
  4 ice beasts
  A sky beast (D:5)
  4 necrophages
  6 phantoms
  12 ogres
  5 boggarts (D:15)
  14 wolves (Lair:6)
  15 centaurs
  19 crocodiles
  Blork the orc (Orc:2)
  An elf zombie (D:7)
  7 big kobolds
  3 earth elementals
  16 bullfrogs
  3 gnoll sergeants (D:12)
  Dowan (D:5)
  15 scorpions
  13 killer bees
  6 wights
  9 electric eels
  6 howler monkeys
  2 centaur zombies
  A bullfrog zombie (D:5)
  8 crimson imps
  6 jellies
  13 hounds
  A human zombie (D:7)
  16 orc priests
  A quasit (D:10)
  Crazy Yiuf (D:5)
  4 bullfrog skeletons
  4 iguanas
  2 human skeletons (D:7)
  27 orc wizards
  34 worker ants
  A big kobold zombie (Ossuary)
  A hound zombie (D:5)
  3 hound skeletons
  4 mummies
  A worker ant zombie (D:6)
  10 adders
  16 gnolls
  5 scorpion zombies (Ossuary)
  10 river rats (D:7)
  4 shadow imps
  11 white imps (IceCv)
  6 ufetubi (IceCv)
  2 adder zombies
  3 adder skeletons
  3 dart slugs
  4 worms
  6 leopard geckos
  94 orcs
  6 giant cockroaches
  7 goblins
  5 hobgoblins
  11 jackals
  20 kobolds
  4 quokkas
  A ball python (D:6)
  A ball python zombie (D:5)
  11 bats
  4 frilled lizards
  A gnoll zombie (Ossuary)
  2 goblin zombies (Ossuary)
  3 hobgoblin zombies (Ossuary)
  A jackal skeleton (D:8)
  2 kobold zombies (Ossuary)
  An orc skeleton (D:7)
  An orc zombie (D:7)
  A quokka skeleton (D:8)
  20 rats
  A plant (Lair:6)
1339 creatures vanquished.

Vanquished Creatures (others)
  A deep elf annihilator (Elf:3)
  24 dancing weapons
  3 deep elf archers
  A deep elf mage (Elf:1)
  A kobold demonologist (D:11)
  A redback (Spider:2)
  2 humans (Spider:4)
  A spatial vortex (Abyss:3)
  A wolf (Lair:6)
  An adder (D:8)
  A white imp (IceCv)
  3 ufetubi (IceCv)
  An orc (D:12)
  A hobgoblin zombie (Ossuary)
  A kobold zombie (Ossuary)
  A fungus (Lair:5)
  12 plants
  A spectral weapon (Elf:2)
  5 toadstools (D:1)
62 creatures vanquished.

Grand Total: 1401 creatures vanquished

Notes
Turn   | Place    | Note
-------+----------+-------------------------------------------
     0 | D:1      | Niddhogr the Formicid Fighter began the quest for the Orb.
     0 | D:1      | Reached XP level 1. HP: 18/18 MP: 1/1
   157 | D:1      | Reached skill level 1 in Stealth
   219 | D:1      | Reached XP level 2. HP: 20/24 MP: 2/2
   328 | D:1      | Found a bloodstained altar of Trog.
   348 | D:1      | Reached skill level 2 in Stealth
   413 | D:1      | Reached XP level 3. HP: 21/29 MP: 3/3
   601 | D:2      | Found a faded altar of an unknown god.
  1057 | D:2      | Noticed a scorpion
  1248 | D:2      | Killed a scorpion
  1248 | D:2      | Reached skill level 3 in Stealth
  1248 | D:2      | Reached XP level 4. HP: 21/35 MP: 4/4
  1488 | D:3      | Reached XP level 5. HP: 36/41 MP: 5/5
  1566 | D:3      | Reached skill level 4 in Stealth
  1806 | D:3      | Reached XP level 6. HP: 33/47 MP: 6/6
  2105 | D:3      | Reached skill level 5 in Stealth
  2444 | D:4      | Found a stormy altar of Qazlal.
  2581 | D:4      | Noticed a phantom
  2628 | D:4      | Killed a phantom
  2628 | D:4      | Reached skill level 5 in Polearms
  2628 | D:4      | Reached skill level 6 in Stealth
  2628 | D:4      | Reached XP level 7. HP: 43/52 MP: 7/7
  2797 | D:4      | Reached skill level 7 in Stealth
  3454 | D:4      | Reached XP level 8. HP: 58/58 MP: 8/8
  3722 | D:5      | Entered Level 5 of the Dungeon
  3856 | D:5      | Reached skill level 8 in Stealth
  4183 | D:5      | Found a basalt altar of Yredelemnul.
  4260 | D:5      | Found Taighac's Distillery.
  4299 | D:5      | Bought a potion of curing for 36 gold pieces
  4299 | D:5      | Bought a potion of curing for 36 gold pieces
  4299 | D:5      | Bought a potion of mutation for 96 gold pieces
  4336 | D:5      | Found a staircase to the Ecumenical Temple.
  4345 | Temple   | Entered the Ecumenical Temple
  4356 | D:5      | Found Biloatex's Antique Armour Shop.
  4446 | D:5      | Noticed Dowan
  4449 | D:5      | Noticed Sigmund
  4449 | D:5      | Noticed Duvessa
  4493 | D:5      | Killed Dowan
  4493 | D:5      | Reached skill level 9 in Stealth
  4577 | D:5      | You fall through a shaft for 3 floors!
  4742 | D:8      | Found a glowing silver altar of Zin.
  4742 | D:8      | Noticed an angel
  4788 | D:7      | Reached XP level 9. HP: 50/63 MP: 9/9
  4959 | D:7      | Reached skill level 10 in Stealth
  4975 | D:7      | Found a sand-covered staircase.
  4980 | Ossuary  | Entered an ossuary
  5345 | Ossuary  | Reached skill level 5 in Fighting
  5755 | D:5      | Killed Duvessa
  5806 | D:5      | Killed Sigmund
  5848 | D:5      | Reached XP level 10. HP: 48/79 MP: 10/10
  5861 | D:5      | Found a runed door.
  5980 | D:5      | Noticed Crazy Yiuf
  5987 | D:5      | Killed Crazy Yiuf
  6055 | Temple   | Became a worshipper of Gozag Ym Sagoz the Greedy
  6412 | D:6      | Found Cihapesch's Weapon Shoppe.
  6876 | D:7      | Reached skill level 10 in Fighting
  7375 | D:8      | Found a runed door.
  7479 | D:8      | Found a staircase to the Lair.
  7617 | D:8      | Noticed a two-headed ogre
  7631 | D:8      | Noticed a two-headed ogre
  7875 | D:8      | Reached skill level 5 in Shields
  8229 | D:7      | Reached skill level 5 in Armour
  8246 | D:7      | Killed a two-headed ogre
  8548 | D:8      | Killed a two-headed ogre
  8548 | D:8      | Reached XP level 11. HP: 79/89 MP: 11/11
  9089 | D:8      | Noticed a two-headed ogre
  9098 | D:8      | Killed a two-headed ogre
  9178 | D:8      | Found a hazy altar of Hepliaklqana.
  9759 | D:9      | Noticed an orc sorcerer
  9760 | D:9      | Noticed an orc sorcerer
  9767 | D:9      | Killed an orc sorcerer
  9767 | D:9      | Reached skill level 5 in Evocations
 10117 | D:9      | Killed an orc sorcerer
 10497 | D:10     | Entered Level 10 of the Dungeon
 11048 | D:10     | Noticed a two-headed ogre
 11058 | D:10     | Killed a two-headed ogre
 11456 | D:10     | Found a sacrificial altar of Ru.
 11474 | D:10     | HP: 2/90 [vampire/vampiric draining (13)]
 11814 | D:10     | Noticed a two-headed ogre
 11819 | D:10     | Killed a two-headed ogre
 11819 | D:10     | Reached XP level 12. HP: 34/97 MP: 16/16
 12285 | D:10     | Found an ornate altar of the Wu Jian Council.
 12285 | D:10     | Noticed a two-headed ogre
 12293 | D:10     | Killed a two-headed ogre
 12293 | D:10     | Reached skill level 5 in Dodging
 13018 | D:11     | Reached skill level 11 in Stealth
 13402 | D:11     | Noticed Snorg
 14154 | D:11     | Bought a pair of runed boots for 240 gold pieces
 14161 | D:11     | Bought a pair of glowing boots for 240 gold pieces
 14232 | D:11     | You fall through a shaft for 2 floors!
 14466 | D:13     | Found a sparkling altar of Nemelex Xobeh.
 14495 | D:13     | Found the +8 lance "Wyrmbane" {slay drac, rPois rF+ rC+ AC+3}
 14577 | D:13     | Found Noeraq's Assorted Antiques.
 14585 | D:13     | Bought a potion of heal wounds for 165 gold pieces
 14640 | D:12     | Reached skill level 12 in Stealth
 14771 | D:12     | Noticed an unseen horror
 14778 | D:12     | Killed an unseen horror
 14782 | D:12     | Noticed a death knight
 14793 | D:12     | Killed a death knight
 14793 | D:12     | Reached skill level 10 in Polearms
 15127 | D:12     | Found a staircase to the Orcish Mines.
 15197 | D:12     | Reached XP level 13. HP: 90/103 MP: 17/17
 15315 | D:12     | Found a sparkling altar of Nemelex Xobeh.
 15591 | D:12     | Reached skill level 13 in Stealth
 15824 | D:12     | Found Paxaasic's Antique Armour Emporium.
 15829 | D:12     | Bought a pair of glowing boots for 247 gold pieces
 15840 | D:12     | Identified a +2 pair of boots of running (You bought it in a shop on level 12 of the Dungeon)
 15999 | D:13     | Noticed a centaur warrior
 16008 | D:13     | Killed a centaur warrior
 16186 | D:13     | Noticed a catoblepas
 16217 | D:13     | Killed a catoblepas
 16469 | D:13     | Noticed a vault guard
 16470 | D:13     | Noticed a vault guard
 16479 | D:13     | Noticed a vault guard
 16482 | D:13     | Noticed a vault guard
 16491 | D:13     | Killed a vault guard
 16552 | D:13     | Noticed a vault guard
 16696 | D:13     | Reached skill level 14 in Stealth
 16731 | D:13     | Killed a vault guard
 16822 | D:13     | Noticed a vault guard
 16858 | D:13     | Killed a vault guard
 16884 | D:13     | Killed a vault guard
 16947 | D:13     | Found a gate to the Vaults.
 17012 | D:13     | Noticed a vault guard
 17032 | D:13     | Killed a vault guard
 17354 | D:13     | Killed a vault guard
 17390 | D:13     | Noticed a vault guard
 17409 | D:13     | Killed a vault guard
 17440 | D:13     | Killed a vault guard
 17658 | D:5      | Bought a pair of warped gloves for 285 gold pieces
 17668 | D:5      | Identified the +1 pair of gloves "Cacwint" {Regen+ Dex+2 SInv} (You bought it in a shop on level 5 of the Dungeon)
 17759 | Lair:1   | Entered Level 1 of the Lair of Beasts
 17819 | Lair:1   | Found a frozen archway.
 17855 | IceCv    | Entered an ice cave
 18155 | IceCv    | Noticed a reaper
 18176 | IceCv    | Killed a reaper
 18281 | IceCv    | Reached XP level 14. HP: 93/110 MP: 18/18
 19199 | Lair:2   | Found a hole to the Spider Nest.
 19248 | Lair:2   | Reached skill level 10 in Shields
 19702 | Lair:2   | You fall through a shaft for 2 floors!
 19908 | Lair:3   | Found a staircase to the Shoals.
 20101 | Lair:3   | Found a transporter.
 20221 | Lair:3   | Got a slimy platinum ring
 20225 | Lair:3   | Identified the ring "Soeplow" {Ice MR+ SInv Stlth+} (You found it on level 3 of the Lair of Beasts)
 20273 | Lair:3   | Noticed Sesay's ghost (journeyman HOMo)
 20424 | Lair:3   | Found a transporter.
 21871 | Lair:4   | You fall through a shaft for 2 floors!
 21871 | Lair:6   | Entered Level 6 of the Lair of Beasts
 21884 | Lair:6   | Reached XP level 15. HP: 81/115 MP: 19/19
 22493 | Lair:5   | Noticed Josephine
 22504 | Lair:5   | Killed Josephine
 22561 | Lair:5   | Found a staircase to the Slime Pits.
 22670 | Lair:5   | Learned a level 3 spell: Spectral Weapon
 22819 | Lair:4   | Reached skill level 1 in Charms
 23305 | Lair:5   | Bought a translucent cloak for 323 gold pieces
 23315 | Lair:5   | Identified the cursed +0 cloak "Qiqorai" {Str+2} (You bought it in a shop on level 5 of the Lair of Beasts)
 23526 | Lair:5   | Reached skill level 1 in Hexes
 23920 | Lair:6   | Reached skill level 5 in Hexes
 24657 | Lair:6   | Reached XP level 16. HP: 97/125 MP: 20/20
 24667 | Lair:6   | Reached skill level 10 in Hexes
 25524 | Orc:1    | Entered Level 1 of the Orcish Mines
 25886 | Orc:2    | Entered Level 2 of the Orcish Mines
 26024 | Orc:2    | Found a staircase to the Elven Halls.
 26491 | Orc:2    | Noticed Blork the orc
 26492 | Orc:2    | Found a roughly hewn altar of Beogh.
 26527 | Orc:2    | Killed Blork the orc
 26540 | Orc:2    | Reached skill level 5 in Charms
 26678 | Orc:2    | Found Jam Fuz's General Store.
 26875 | Orc:2    | Bought a scroll of fear for 42 gold pieces
 26875 | Orc:2    | Bought a scroll of identify for 24 gold pieces
 26905 | Orc:2    | Found Kovvell's Antique Weapon Boutique.
 26994 | Orc:2    | Found Fiol's Book Boutique.
 27009 | Orc:2    | Found Oxoxzeof's Antique Armour Boutique.
 27032 | Orc:2    | Bought a manual of Polearms for 1545 gold pieces
 27537 | D:14     | Found a glowing golden altar of the Shining One.
 27584 | D:14     | Found a basalt altar of Yredelemnul.
 27795 | D:14     | Found a shimmering altar of Xom.
 27923 | D:14     | Reached skill level 15 in Polearms
 28182 | D:14     | Reached skill level 10 in Armour
 28316 | D:14     | Found a runed gate.
 28318 | D:14     | Found a runed gate.
 28320 | D:14     | Found a runed gate.
 28329 | D:14     | Noticed Zanem's ghost (journeyman GrBe)
 28416 | D:14     | Noticed Urug
 28427 | D:14     | Killed Urug
 28591 | D:15     | Entered Level 15 of the Dungeon
 29029 | D:15     | Reached XP level 17. HP: 93/131 MP: 21/21
 29305 | D:15     | Found a staircase to the Depths.
 30216 | D:8      | You fall through a shaft for 3 floors!
 30409 | Lair:3   | Killed Sesay's ghost
 30479 | Spider:1 | Entered Level 1 of the Spider Nest
 31199 | Spider:1 | Noticed Agnes
 31214 | Spider:1 | Killed Agnes
 32211 | Spider:2 | Noticed Arachne
 32301 | Spider:2 | Found a runed gate.
 32301 | Spider:2 | Found a runed gate.
 32301 | Spider:2 | Found a runed gate.
 32301 | Spider:2 | Noticed Ziggiyzu's ghost (adept MiBe)
 32389 | Spider:2 | Reached skill level 15 in Armour
 32810 | Spider:2 | Got a bloodstained chain mail
 32821 | Spider:2 | Identified the +7 chain mail of the Devil's Team {+Blink Slay+3} (You found it on level 2 of the Spider Nest)
 32854 | Spider:2 | Reached XP level 18. HP: 141/143 MP: 22/22
 33093 | Spider:2 | Killed Arachne
 33438 | Spider:2 | Got a brightly glowing ring mail
 33439 | Spider:2 | Identified the +1 ring mail "Pyutsufu" {+Fly MR+ Str+3 Stlth+} (You found it on level 2 of the Spider Nest)
 33731 | Spider:2 | Bought a scroll labeled AGIFRE LIDD for 34 gold pieces
 34103 | Spider:2 | Bought a potion of curing for 102 gold pieces
 34103 | Spider:2 | Bought a scroll of magic mapping for 119 gold pieces
 34103 | Spider:2 | Bought a scroll of fear for 119 gold pieces
 34902 | Spider:4 | Entered Level 4 of the Spider Nest
 34918 | Spider:4 | Noticed Kirke
 35143 | Spider:4 | Killed Kirke
 36063 | Spider:4 | Reached skill level 15 in Fighting
 36122 | Spider:4 | Reached skill level 1 in Spellcasting
 36211 | Spider:4 | Reached skill level 15 in Stealth
 36255 | Spider:4 | Reached XP level 19. HP: 126/155 MP: 0/23
 36655 | Spider:4 | Got a gossamer rune of Zot
 37023 | Elf:1    | Entered Level 1 of the Elven Halls
 37328 | Elf:1    | Reached skill level 5 in Spellcasting
 37638 | Elf:1    | Reached skill level 16 in Stealth
 38967 | Elf:2    | Found a runed gate.
 38973 | Elf:2    | Found a runed gate.
 38975 | Elf:2    | Found a runed gate.
 39000 | Elf:2    | Reached skill level 17 in Stealth
 39586 | Elf:2    | Noticed a deep elf blademaster
 39597 | Elf:2    | Killed a deep elf blademaster
 39634 | Elf:2    | Reached XP level 20. HP: 162/162 MP: 32/32
 40078 | Elf:2    | Bought a dazzling chain mail for 228 gold pieces
 40078 | Elf:2    | Bought a smoking ring mail for 216 gold pieces
 40079 | Elf:2    | Identified the +1 ring mail of Pandemonium {Str+6 Int+5} (You bought it in a shop on level 2 of the Elven Halls)
 40080 | Elf:2    | Identified the +3 chain mail of Hedge Wizardry {+Fly MR+} (You bought it in a shop on level 2 of the Elven Halls)
 40116 | Elf:3    | Entered Level 3 of the Elven Halls
 40242 | Elf:3    | Reached skill level 18 in Stealth
 40674 | Elf:3    | Reached skill level 10 in Spellcasting
 40985 | Elf:3    | Reached skill level 19 in Stealth
 40986 | Elf:3    | Got a transparent lapis lazuli ring
 41031 | Elf:3    | Cast into level 3 of the Abyss (a deep elf sorcerer)
 41325 | Abyss:3  | HP: 2/162 [starcursed mass/accursed screaming (17)]
 41331 | Abyss:3  | Killed from afar by a starcursed mass

Vault maps used:
D:1:      ldierk_walled_garden, minmay_hexomino_r4
D:2:      chequers_ecumenical_altar_twisty, minmay_misc_feat_room
D:3:      chequers_big_river
D:4:      old_forge, first_ration, nicolae_qazlal_eye_of_the_storm
D:5:      kennysheep_big_flooded_room, minmay_temple_entry_large_hall,
          basic_altar, serial_shops, shop,
          nicolae_shop_competitors_out_of_business, uniq_sigmund, uniq_duvessa,
          uniq_crazy_yiuf_cottage
D:6:      serial_shops, kennysheep_mini
D:7:      nicolae_ossuary_entry_catacombs, serial_undead, serial_undead_c,
          serial_undead_b, serial_undead_a, serial_undead_d, dk_rats_in_the_wall
D:8:      kennysheep_mini_moat, erik_lair_island, grunt_livestock,
          lemuel_angel_altar
D:9:      cheibrodos_wizards_tower
D:10:     hangedman_feature_mirror
D:11:     lemuel_flame_loot_1, uniq_snorg
D:12:     kennysheep_orc_monster_closet_entryway, serial_shops,
          kennysheep_little_box, nemelex_xobeh_ov_fountains_minmay
D:13:     erik_vaults_2, serial_shops, shop, basic_altar, kb_rosetta
D:14:     serial_park_gazebo, gammafunk_ghost_necromancy, basic_altar,
          xom_teletrap_fun, uniq_urug
D:15:     gammafunk_depths_entry_grave, fountainhead
Temple:   dpeg_three_leaves_temple
Lair:1:   portal_ice_cave_demonic_guard, grunt_megastairs_4
Lair:2:   nicolae_spider_entry_tight_spaces, zaba_anthell, serial_bayou_shore_a
Lair:3:   elwin_shoals_entry_rocks, gammafunk_ghost_arena
Lair:4:   minmay_lair_oklob_chamber, lemuel_fruit_fields
Lair:5:   slime_dummy, cheibrodos_lair_caveside_slide, lemuel_fruit_fields,
          uniq_josephine
Lair:6:   hangedman_lair_caniforms_friends, hangedman_lair_in_review,
          st_stairs_5
Spider:1: spider_trap, guppyfry_hornet_nest, uniq_agnes
Spider:2: gammafunk_ghost_necromancy, uniq_arachne
Spider:3: nicolae_spider_nook
Spider:4: grunt_spider_rune_parallel, nicolae_spider_circle_web, uniq_kirke
Orc:2:    grunt_orc_cross
Elf:1:    elf_arrival_001, serial_glass, glass_columns_b, glass_columns_a,
          glass_columns_b, glass_columns_a
Elf:3:    minmay_elf_hall_dome
Abyss:3:  hangedman_abyss_or_decor_stagger, hangedman_abyss_rune_macabre_mess
Ossuary:  ossuary_minmay_scorpions
IceCv:    ice_cave_small_demon

Skill      XL: |  1  2  3  4  5  6  7  8  9 10 11 12 13 14 15 16 17 18 19 20 |
---------------+-------------------------------------------------------------+-----
Stealth        | 1 2 3 4 6 7 9 10 12 14 15 17 19 | 19.2
Polearms       | 3 4 5 6 7 8 10 12 14 15 16 17 | 17.2
Fighting       | 7 10 11 13 15 | 15.0
Shields        | 7 9 12 | 12.6
Armour         | 6 8 11 15 | 15.0
Evocations     | 6 |  6.3
Dodging        | 4 5 8 |  8.9
Charms         | 4 7 |  7.0
Hexes          | 9 12 | 12.3
Spellcasting   | 3 8 10 | 10.0

Action                   |  1- 3 |  4- 6 |  7- 9 | 10-12 | 13-15 | 16-18 | 19-21 || total
-------------------------+-------+-------+-------+-------+-------+-------+-------++-------
Melee: Trident           |   126 |   185 |   549 |       |       |       |       ||   860
       Glaive            |       |       |    15 |       |       |       |       ||    15
       Scythe            |       |       |     7 |   539 |       |       |       ||   546
       Unarmed           |       |       |     4 |       |       |       |       ||     4
       Lance             |       |       |       |   134 |   544 |    25 |     8 ||   711
       Demon trident     |       |       |       |       |   993 |  2067 |   947 ||  4007
Throw: Throwing net      |       |       |       |       |       |       |     1 ||     1
 Cast: Spectral Weapon   |       |       |       |       |       |     1 |     1 ||     2
Invok: Call Merchant     |       |       |       |     1 |     1 |     2 |     1 ||     5
       Potion Petition   |       |       |       |       |       |       |     2 ||     2
 Abil: Shaft Self        |       |       |     1 |     1 |       |     1 |       ||     3
       Dig               |       |       |     4 |     3 |    10 |     8 |       ||    25
Evoke: Wand              |       |       |       |    23 |    54 |    22 |     7 ||   106
       Lamp of fire      |       |       |       |     1 |     1 |       |       ||     2
  Use: Potion            |     1 |       |     7 |     5 |     2 |     6 |    14 ||    35
       Scroll            |       |     3 |     6 |     6 |     6 |    13 |     4 ||    38
 Stab: Sleeping          |       |     5 |    20 |    36 |    70 |    31 |    16 ||   178
       Invisible         |       |       |     1 |     3 |       |       |       ||     4
       Held in net/web   |       |       |     1 |       |       |       |       ||     1
       Distracted        |       |       |       |     6 |    12 |    39 |     8 ||    65
       Confused          |       |       |       |       |     6 |       |       ||     6
  Eat: Chunk             |     1 |     4 |    10 |     2 |       |       |       ||    17
       Ration            |       |       |     1 |     9 |     9 |    11 |     5 ||    35
Armor: Scale mail        |    42 |    56 |   196 |       |       |       |       ||   294
       Ring mail         |       |       |     3 |   300 |   303 |   320 |       ||   926
       Chain mail        |       |       |       |       |       |   334 |   293 ||   627
Dodge: Dodged            |    34 |    27 |   132 |   358 |   427 |   752 |   300 ||  2030
Block: Shield            |    48 |    70 |   227 |   438 |    98 |       |       ||   881
       Buckler           |       |       |       |       |   263 |   664 |   265 ||  1192
       Reflection        |       |       |       |       |       |    17 |    50 ||    67

Table legend:
 A = Spawn XP
 B = Non-spawn XP
 C = Spawn XP percentage of total XP
 D = Spawn monster count
 E = Non-spawn monster count
 F = Spawn count percentage of total count
 G = Total turns spent on level
                    A         B        C        D         E        F      G
               +---------+---------+-------+---------+---------+-------+---------
         Total |    1554 |  394330 |   0.4 |       5 |    1363 |   0.4 | 41331
               +---------+---------+-------+---------+---------+-------+---------
           D:1 |       0 |      33 |   0.0 |       0 |      19 |   0.0 |   563
           D:2 |       0 |      96 |   0.0 |       0 |      17 |   0.0 |   855
           D:3 |       0 |     183 |   0.0 |       0 |      32 |   0.0 |   982
           D:4 |       0 |     856 |   0.0 |       0 |      28 |   0.0 |  1554
           D:5 |       0 |    1111 |   0.0 |       0 |      25 |   0.0 |  1008
           D:6 |       0 |     618 |   0.0 |       0 |      14 |   0.0 |   613
           D:7 |       0 |    3192 |   0.0 |       0 |      62 |   0.0 |  2291
           D:8 |       0 |    4194 |   0.0 |       0 |      37 |   0.0 |  1567
           D:9 |       0 |    1919 |   0.0 |       0 |      31 |   0.0 |  1391
          D:10 |       0 |    4018 |   0.0 |       0 |      26 |   0.0 |  1760
          D:11 |       0 |    3270 |   0.0 |       0 |      23 |   0.0 |  1765
          D:12 |       0 |    5875 |   0.0 |       0 |      57 |   0.0 |  1521
          D:13 |       0 |   16727 |   0.0 |       0 |      60 |   0.0 |  1922
          D:14 |       0 |   16512 |   0.0 |       0 |      44 |   0.0 |  1397
          D:15 |       0 |   19619 |   0.0 |       0 |      58 |   0.0 |  1116
        Lair:1 |       0 |    2398 |   0.0 |       0 |       9 |   0.0 |   750
        Lair:2 |       0 |    7778 |   0.0 |       0 |      60 |   0.0 |  1265
        Lair:3 |       0 |    7493 |   0.0 |       0 |      22 |   0.0 |   972
        Lair:4 |       0 |   12129 |   0.0 |       0 |      38 |   0.0 |  1107
        Lair:5 |       0 |    9919 |   0.0 |       0 |      35 |   0.0 |  1269
        Lair:6 |       0 |   32433 |   0.0 |       0 |     115 |   0.0 |  1823
      Spider:1 |       0 |   21856 |   0.0 |       0 |      51 |   0.0 |  1635
      Spider:2 |       0 |   22758 |   0.0 |       0 |      63 |   0.0 |  1944
      Spider:3 |       0 |   17955 |   0.0 |       0 |      46 |   0.0 |  1054
      Spider:4 |       0 |   39610 |   0.0 |       0 |      85 |   0.0 |  1709
         Orc:1 |       0 |    4598 |   0.0 |       0 |      31 |   0.0 |   595
         Orc:2 |       0 |   11212 |   0.0 |       0 |      68 |   0.0 |  1319
         Elf:1 |       0 |   34401 |   0.0 |       0 |      52 |   0.0 |  1612
         Elf:2 |       0 |   38298 |   0.0 |       0 |      51 |   0.0 |  1481
         Elf:3 |       0 |   45243 |   0.0 |       0 |      44 |   0.0 |   915
       Abyss:3 |    1554 |    3571 |  30.3 |       5 |       6 |  45.5 |   300
       Ossuary |       0 |     774 |   0.0 |       0 |      27 |   0.0 |   568
         IceCv |       0 |    3681 |   0.0 |       0 |      27 |   0.0 |   671
               +---------+---------+-------+---------+---------+-------+---------
